 Dungeon Crawl Stone Soup version 0.26-a0-83-g7ccd015ce0 (webtiles) character file.

Game seed: 6329262545251511557

1890 Gargoyl the Chopper (level 8, 0/67 HPs)
             Began as a Centaur Abyssal Knight on June 16, 2020.
             Was an Elder of Lugonu.
             Succumbed to a hornet's poison
             ... on level 7 of the Dungeon.
             The game lasted 00:08:20 (6366 turns).

Gargoyl the Chopper (Centaur Abyssal Knight)        Turns: 6366, Time: 00:08:21

Health: 0/67       AC: 15    Str: 15    XL:     8   Next: 92%
Magic:  5/10       EV:  2    Int: 11    God:    Lugonu [****..]
Gold:   347        SH:  6    Dex:  9    Spells: 7/7 levels left

rFire    . . .     SeeInvis .   a - +2 hand axe (flame)
rCold    . . .     Gourm    .   q - +0 kite shield
rNeg     + . .     Faith    .   e - +0 chain mail
rPois    .         Spirit   +   b - +1 hat
rElec    .         Reflect  .   d - +0 cloak
rCorr    .         Harm     .   (no gloves)
MR       .....                  (no barding)
Stlth    ..........             o - amulet of guardian spirit
HPRegen  0.21/turn              i - +4 ring of slaying
MPRegen  0.12/turn              m - ring of positive energy

@: mighty, lethally poisoned (0 -> -12), berserk cooldown, stab, slowed
A: large, hooves 3, slimy green scales 1, thin metallic scales 1, clumsy 1,
deformed body, speed 2, low mp 1, tough skin 3
a: Depart the Abyss, Bend Space, Banish, Corrupt, Renounce Religion


You were on level 7 of the Dungeon.
You worshipped Lugonu.
Lugonu was greatly pleased with you.
You were hungry.

You visited 1 branch of the dungeon, and saw 7 of its levels.
You visited the Abyss 1 time.

You collected 347 gold pieces.

Inventory:

Hand Weapons
 a - a +2 hand axe of flaming (weapon)
Armour
 b - a +1 hat (worn)
 d - a +0 cloak (worn)
 e - a +0 chain mail (worn)
 q - a +0 kite shield (worn)
Jewellery
 i - a +4 ring of slaying (left hand)
 m - a ring of positive energy (right hand)
 o - an amulet of guardian spirit (around neck)
Wands
 f - a wand of digging (5)
 p - a wand of iceblast (6)
Scrolls
 g - 4 scrolls of teleportation
 h - 2 scrolls of fear
 j - a scroll of identify
 n - 2 scrolls of remove curse
Potions
 l - a potion of berserk rage
 r - a potion of stabbing
 u - a potion of invisibility {unknown}
 v - a potion of resistance {unknown}
Comestibles
 c - 11 rations


   Skills:
 + Level 4.6 Fighting
 + Level 5.7 Axes
 * Level 5.4 Armour
 * Level 3.2 Dodging
 * Level 5.0 Invocations


You had 7 spell levels left.
You didn't know any spells.
Your spell library contained the following spells:

 Spells                   Type           Power        Failure   Level  Hunger
 Freeze                   Ice            #...         100%        1    ##.....
 Frozen Ramparts          Ice            #.....       100%        3    ####...
 Ozocubu's Armour         Chrm/Ice       #.......     100%        3    ####...
 Hailstorm                Conj/Ice       #.......     100%        4    #####..
 Summon Ice Beast         Ice/Summ       #.......     100%        4    #####..


Dungeon Overview and Level Annotations

Branches:
Dungeon (7/15)             Temple (0/1) D:4

Altars:
Dithmenos
Fedhas
Gozag
Qazlal
Sif Muna
Uskayaw
Wu Jian


Innate Abilities, Weirdness & Mutations

You have hooves in place of feet.
Armour fits poorly on your strangely shaped body.
You cover ground very quickly.
You have extremely tough skin. (AC +3)
You are partially covered in slimy green scales. (AC +2)
You are partially covered in thin metallic scales. (AC +2)
You are clumsy. (Dex -2)
Your magical capacity is low. (-10% MP)


Message History

You are exhausted.
You feel as though you will be slow longer.
* * * LOW HITPOINT WARNING * * *
You feel sick.
* * * LOW HITPOINT WARNING * * *
You feel sick.
It was a potion of stabbing.
You feel ready to backstab.
* * * LOW HITPOINT WARNING * * *
You feel sick.
It was a potion of might.
You feel very mighty all of a sudden.
* * * LOW HITPOINT WARNING * * *
You feel sick.
It was a potion of mutation.
You feel extremely strange.
You feel clumsy.
Slimy green scales grow over part of your body.
You feel less energetic.
Thin metallic scales grow over part of your body.
You die...

##.......###........ ..
##................... ..
#...........####.####
... #...........####.#
....#...........#.. .#
....##.........##.#
.....##.......###.######
..........####.........#
..........####..@......#
.......................#
.................(.....#
........#........).....#
.....#..........†......#
.............#.........#
........##.............#
...#..####....###.######
..# ####<. ....


There were no monsters in sight!

Vanquished Creatures
  Pikel (D:7)
  A hornet (D:7)
  Menkaure (D:5)
  2 sky beasts
  A slave (D:7)
  An ogre (D:5)
  A scorpion (D:3)
  2 bullfrog zombies
  A centaur zombie (D:5)
  A hound (D:4)
  An orc priest (D:3)
  4 orc wizards
  2 bullfrog skeletons (D:5)
  2 iguanas (D:5)
  7 worker ants
  A hound skeleton (D:6)
  A worker ant zombie (D:5)
  A gnoll (D:3)
  11 adders
  A shadow imp (D:6)
  An ooze (D:3)
  An adder zombie (D:7)
  4 worms
  3 dart slugs
  4 leopard geckos
  30 orcs
  A ball python (D:1)
  7 bats
  4 giant cockroaches
  8 hobgoblins
  3 jackals (D:3)
  2 quokkas (D:3)
  3 frilled lizards
  9 goblins
  A jackal skeleton (D:4)
  A jackal zombie (D:7)
  7 kobolds
  8 rats
140 creatures vanquished.

Vanquished Creatures (others)
  2 slaves (D:7)
  A bullfrog (D:7)
  A worker ant (D:7)
4 creatures vanquished.

Grand Total: 144 creatures vanquished

Notes
Turn   | Place    | Note
-------+----------+-------------------------------------------
     0 | Abyss:1  | Gargoyl the Centaur Abyssal Knight began the quest for the
                  | Orb.
     0 | Abyss:1  | Reached XP level 1. HP: 19/19 MP: 2/2
    62 | Abyss:2  | Noticed a worldbinder
    64 | Abyss:2  | Noticed a smoke demon
    68 | Abyss:2  | Noticed a troll
    70 | D:1      | Escaped the Abyss
   458 | D:1      | Reached XP level 2. HP: 26/26 MP: 3/3
   488 | D:1      | Reached * piety under Lugonu
   697 | D:1      | Reached skill level 1 in Dodging
   835 | D:1      | Reached XP level 3. HP: 31/31 MP: 4/4
   977 | D:2      | Found a stormy altar of Qazlal.
  1703 | D:2      | Reached ** piety under Lugonu
  1851 | D:2      | Reached XP level 4. HP: 38/38 MP: 5/5
  1905 | D:2      | Noticed a sky beast
  1918 | D:2      | Killed a sky beast
  1918 | D:2      | Reached XP level 5. HP: 15/45 MP: 5/7
  2712 | D:3      | Reached XP level 6. HP: 43/52 MP: 8/8
  3236 | D:3      | Reached *** piety under Lugonu
  3642 | D:3      | Found a blossoming altar of Fedhas.
  3755 | D:4      | Found a staircase to the Ecumenical Temple.
  4019 | D:4      | Reached XP level 7. HP: 41/58 MP: 6/9
  4268 | D:4      | Found an ornate altar of the Wu Jian Council.
  4483 | D:5      | Entered Level 5 of the Dungeon
  4725 | D:5      | Noticed Menkaure
  4739 | D:5      | Killed Menkaure
  4802 | D:5      | Found an opulent altar of Gozag.
  5060 | D:5      | Reached XP level 8. HP: 53/66 MP: 9/11
  5139 | D:5      | Reached skill level 5 in Axes
  5295 | D:5      | Found a hide-covered altar of Uskayaw.
  5821 | D:6      | Reached **** piety under Lugonu
  5850 | D:6      | Found a shadowy altar of Dithmenos.
  6137 | D:6      | Found a shimmering blue altar of Sif Muna.
  6179 | D:7      | Noticed Pikel
  6200 | D:7      | Killed Pikel
  6200 | D:7      | Reached skill level 5 in Armour
  6343 | D:7      | Noticed a hornet
  6352 | D:7      | Paralysed by a hornet for 2 turns
  6357 | D:7      | Paralysed by a hornet for 1 turns
  6358 | D:7      | Killed a hornet
  6358 | D:7      | Reached skill level 5 in Invocations
  6364 | D:7      | HP: 3/67 [poisoned by a hornet]
  6365 | D:7      | HP: 1/67 [poisoned by a hornet]
  6366 | D:7      | Gained mutation: You are clumsy. (Dex -2) [potion of
                  | mutation]
  6366 | D:7      | Gained mutation: You are partially covered in slimy green
                  | scales. (AC +2) [potion of mutation]
  6366 | D:7      | Gained mutation: Your magical capacity is low. (-10% MP)
                  | [potion of mutation]
  6366 | D:7      | Gained mutation: You are partially covered in thin metallic
                  | scales. (AC +2) [potion of mutation]
  6366 | D:7      | Succumbed to a hornet's poison

Illustrated notes

Levels and vault maps discovered:
D:1:      minmay_arrival_hallway, layout_basic
D:2:      kennysheep_six_static_rooms, layout_loops_ring,
          overflow_temple_1_default, first_ration
D:3:      layout_loops_corners, marbit_many_paths
D:4:      layout_rooms, lemuel_round_altar, minmay_temple_entry_sparse_star
D:5:      layout_loops_cross, grunt_gozag_statues, kennysheep_mini_moat,
          uniq_menkaure
D:6:      layout_loops_ring, lemuel_blue_sif_altar,
          nicolae_dithmenos_the_darkroom, grunt_ministairs_9
D:7:      layout_rooms, nicolae_overflow_hidden_temple, basic_altar, uniq_pikel

Skill      XL: |  1  2  3  4  5  6  7  8 |
---------------+-------------------------+-----
Axes           | 2 3 4 5 |  5.7
Dodging        | 1 2 3 |  3.2
Armour         | 2 3 4 5 |  5.4
Invocations    | 3 4 5 |  5.0
Fighting       | 4 |  4.6

Action                   |  1- 3 |  4- 6 |  7- 9 || total
-------------------------+-------+-------+-------++-------
Melee: Hand axe          |    93 |   115 |   136 ||   344
       Kick              |    10 |    18 |    35 ||    63
Invok: Depart the Abyss  |     1 |       |       ||     1
  Use: Scroll            |     1 |     5 |     6 ||    12
       Potion            |       |     2 |     4 ||     6
  Eat: Chunk             |     2 |     6 |     5 ||    13
Armor: Scale mail        |    61 |     9 |       ||    70
       Chain mail        |       |    56 |    80 ||   136
Dodge: Dodged            |    33 |    35 |    21 ||    89
Block: Kite shield       |       |       |    10 ||    10

Table legend:
 A = Non-vault XP
 B = Vault XP
 C = Vault XP percentage of total XP
 D = Non-vault monster count
 E = Vault monster count
 F = Vault count percentage of total count
                 A         B        C        D         E       F
            +---------+---------+-------+---------+---------+-------
      Total |    1817 |     883 |  32.7 |     124 |      15 |  10.8
            +---------+---------+-------+---------+---------+-------
        D:1 |      41 |       0 |   0.0 |      26 |       0 |   0.0
        D:2 |     204 |      25 |  10.9 |      14 |       6 |  30.0
        D:3 |     321 |      14 |   4.2 |      43 |       1 |   2.3
        D:4 |     218 |       0 |   0.0 |      12 |       0 |   0.0
        D:5 |     628 |     169 |  21.2 |      20 |       1 |   4.8
        D:6 |     124 |      58 |  31.9 |       5 |       6 |  54.5
        D:7 |     281 |     617 |  68.7 |       4 |       1 |  20.0
            +---------+---------+-------+---------+---------+-------
